 Dungeon Crawl Stone Soup version 0.24-a0-504-gcfb02b9d07 (webtiles) character file.

Game seed: 7219491326258516293

0 Gargoyl the Skirmisher (level 1, -28/19 HPs)
             Began as a Centaur Abyssal Knight on July 16, 2019.
             Was a Follower of Lugonu.
             Annihilated by a reaper
             ... wielding a +6 scythe
              (45 damage)
             ... on level 1 of the Abyss.
             The game lasted 00:00:47 (182 turns).

Gargoyl the Skirmisher (Centaur Abyssal Knight)      Turns: 182, Time: 00:00:47

Health: -28/19     AC:  5    Str: 14    XL:     1   Next: 0%
Magic:  2/2        EV:  8    Int: 11    God:    Lugonu [*.....]
Gold:   8          SH:  0    Dex:  8    Spells: 0/0 levels left

rFire    . . .     SeeInvis .   a - +1 hand axe
rCold    . . .     Gourm    .   (no shield)
rNeg     . . .     Faith    .   d - +0 ring mail
rPois    .         Spirit   .   (no helmet)
rElec    .         Reflect  .   (no cloak)
rCorr    .         Harm     .   (no gloves)
MR       .....                  (no barding)
Stlth    ..........             (no amulet)
HPRegen  0.06/turn              (no ring)
MPRegen  0.08/turn              (no ring)

@: very slow
A: large, hooves 3, deformed body, speed 2, tough skin 3
a: Depart the Abyss, Renounce Religion


You were on level 1 of the Abyss.
You worshipped Lugonu.
Lugonu was aware of your devotion.
You were not hungry.

You visited 0 branches of the dungeon, and saw 0 of its levels.
You visited the Abyss 1 time.

You collected 8 gold pieces.

Inventory:

Hand Weapons
 a - a +1 hand axe (weapon)
Armour
 b - a +0 leather armour
 d - a +0 ring mail (worn)
Comestibles
 c - a ration


   Skills:
 + Level 3.0 Fighting
 + Level 1.7 Axes
 + Level 1.3 Armour
 + Level 0.6 Dodging
 + Level 2.0 Invocations


You couldn't memorise any spells.
You didn't know any spells.
Your spell library was empty.

Dungeon Overview and Level Annotations

Branches:
Dungeon (0/15)

Altars:


Innate Abilities, Weirdness & Mutations

You have hooves in place of feet.
Armour fits poorly on your strangely shaped body.
You cover ground very quickly.
You have extremely tough skin. (AC +3)


Message History

The starspawn tentacle grabs you. The starspawn tentacle constricts you.
You escape the starspawn tentacle's grasp.
The starspawn tentacle grabs you. The starspawn tentacle constricts you.
You escape the starspawn tentacle's grasp.
The starspawn tentacle barely misses you.
The quasit bites you but does no damage.
The quasit claws you but does no damage. x2
A small abomination comes into view.
Found 23 stones.
You see here 23 stones.
A starcursed mass comes into view.
A starcursed mass splits.
A reaper and an ancient zyme come into view.
You feel yourself growing ill in the presence of the ancient zyme.
You enter the shallow water.
Moving in this stuff is going to be slow.
A starcursed mass splits.
The reaper hits you from afar with a +6 scythe!!!
Ouch! That really hurt!
You die...

.#..#. ## .#...#.
. ...... ## #≈
..#≈. #.#
##.###...##.##
##.≈≈#.≈≈≈#...##.
##.≈≈≈≈≈≈x≈≈≈..≈≈.
..≈≈≈♣≈≈#@≈≈≈≈≈≈.
###≈XX≈≈≈≈≈≈≈≈≈≈≈≈
.X.≈≈#.≈≈≈≈2≈♣≈≈≈≈
#.X.#.≈≈#...≈≈..
#.#...##..#...#≈
#....#..#.....#.#
......#.#.##..#. .
.#... #.#.##.##.#
..#..###.... ##


You could see 3 starcursed masses, a reaper and an ancient zyme.

Vanquished Creatures (others)
  8 starspawn tentacles (Abyss:1)
8 creatures vanquished.

Notes
Turn   | Place    | Note
-------+----------+-------------------------------------------
     0 | Abyss:1  | Gargoyl the Centaur Abyssal Knight began the quest for the
                  | Orb.
     0 | Abyss:1  | Reached XP level 1. HP: 19/19 MP: 2/2
    47 | Abyss:1  | Noticed a small abomination
    79 | Abyss:1  | Noticed a ynoxinul
    99 | Abyss:1  | Noticed a tentacled starspawn
   101 | Abyss:1  | Noticed a tentacled starspawn
   103 | Abyss:1  | Noticed a quasit
   122 | Abyss:1  | Noticed a tentacled starspawn
   125 | Abyss:1  | Noticed a large abomination
   159 | Abyss:1  | Noticed a small abomination
   176 | Abyss:1  | Noticed a starcursed mass
   179 | Abyss:1  | Noticed a reaper
   179 | Abyss:1  | Noticed an ancient zyme
   182 | Abyss:1  | Annihilated by a reaper

Levels and vault maps discovered:
Abyss:1

Action                   || total
-------------------------++-------
Armor: Ring mail         ||     3
Dodge: Dodged            ||     1

Table legend:
 A = Non-vault XP
 B = Vault XP
 C = Vault XP percentage of total XP
 D = Non-vault monster count
 E = Vault monster count
 F = Vault count percentage of total count
                 A         B        C        D         E       F
            +---------+---------+-------+---------+---------+-------
      Total |       0 |       0 |   N/A |       0 |       0 |  -nan
            +---------+---------+-------+---------+---------+-------
            +---------+---------+-------+---------+---------+-------
